 Dungeon Crawl Stone Soup version 0.30-a0-263-ge22c4ad894 (webtiles) character file.

Game seed: 1951525043901752624

857 jimonade the Magician (level 8, -1/50 HPs)
             Began as a Djinni Conjurer on Oct 13, 2022.
             Was an Initiate of Ashenzari.
             Slain by an orc wizard
             ... wielding a +0 dagger
              (3 damage)
             ... on level 4 of the Dungeon.
             The game lasted 00:10:08 (4337 turns).

jimonade the Magician (Djinni Conjurer)             Turns: 4337, Time: 00:10:09

Health: -1/50      AC:  3    Str:  8    XL:     8   Next: 22%
Gold:   152        EV: 12    Int: 20    God:    Ashenzari [......] SH:  0 Dex: 12

rFire   + + .      SeeInvis .    k - +0 short sword
rCold   x . .      Faith    .    (no shield)
rNeg    . . .      Spirit   .    a - +0 robe
rPois   ∞          Reflect  .    n - +0 helmet
rElec   .          Harm     .    (no cloak)
rCorr   +          Rampage  .    (no gloves)
Will    .....                    (boots unavailable)
Stlth   ++........               (no amulet)
HPRegen 0.28/turn                g - ring of resist corrosion
MPRegen 0.00/turn                (no ring)

@: flying
A: sickness immunity, fire resistance 2, cold vulnerability 1, float, innate
caster, HP casting, extra vitality 1
a: Renounce Religion


You were on level 4 of the Dungeon.
You worshipped Ashenzari.
Ashenzari was noncommittal.
You visited 2 branches of the dungeon, and saw 6 of its levels.

You collected 152 gold pieces.

Inventory:

Hand Weapons
 k - a +0 short sword (weapon)
 t - a +0 spear
 F - a +5 falchion of holy wrath
Armour
 a - a +0 robe (worn)
 c - a +0 ring mail
 e - a scarf of shadows
 n - a +0 helmet (worn)
 v - a +0 leather armour
 A - a +2 ring mail of positive energy
Jewellery
 g - a ring of resist corrosion (left hand)
Wands
 x - a wand of paralysis (10)
 E - a wand of mindburst (4)
 H - a wand of flame (1)
Scrolls
 d - a scroll of immolation {unknown}
 f - 4 scrolls of magic mapping {unknown}
 j - 5 scrolls of teleportation {unknown}
 l - a scroll of amnesia {unknown}
 o - 3 scrolls of blinking {unknown}
 p - 2 scrolls of identify {unknown}
 r - a scroll of torment {unknown}
 s - 2 scrolls of enchant weapon {unknown}
 u - a scroll of butterflies {unknown}
 y - a scroll of vulnerability {unknown}
 D - a scroll of enchant armour {unknown}
Potions
 b - a potion of heal wounds {unknown}
 h - a potion of degeneration {unknown}
 i - 2 potions of berserk rage {unknown}
 m - a potion of might {unknown}
 q - a potion of lignification {unknown}
 w - a potion of ambrosia {unknown}
 z - 2 potions of attraction {unknown}
 B - a potion of haste {unknown}
 C - a potion of curing {unknown}
Miscellaneous
 G - a piece from Xom's chessboard (15/15)


   Skills:
 - Level 2.1 Dodging
 - Level 1.5 Stealth
 + Level 7.5 Spellcasting


You had 3 spell levels left.
You knew the following spells:

 Your Spells              Type           Power      Damage    Failure   Level
a - Magic Dart            Conj           100%       1d8       1%          1
b - Searing Ray           Conj           74%        2d7       1%          2
c - Dazzling Flash        Conj/Hex       74%        N/A       1%          3
d - Fulminant Prism       Conj/Hex       18%        3d11      4%          4
e - Iskenderun's Mystic   Conj/Tloc      37%        2d9       4%          4
f - Shock                 Conj/Air       100%       1d9       1%          1
g - Poisonous Vapours     Pois/Air       74%        N/A       1%          2
h - Wereblood             Tmut           37%        N/A       1%          2
Your spell library was empty.

Dungeon Overview and Level Annotations

Branches:
Dungeon (5/15)             Temple (1/1) D:5

Altars:
Ashenzari
Cheibriados
Dithmenos
Elyvilon
Fedhas
Gozag
Hepliaklqana
Makhleb
Nemelex Xobeh
Qazlal
Trog
Uskayaw
Yredelemnul
Zin

Shops:
D:5 *

Annotations:
D:4 4 runed translucent doors


Innate Abilities, Weirdness & Mutations

You are immune to sickness and miasma.
You are immune to poison.
Your flesh is very heat resistant. (rF++)
You are vulnerable to cold. (rC-)
You float through the air rather than walking.
You learn spells naturally, not from books.
Your magical power is your life essence.
You have superior vitality. (+4 MHP)


Message History

Press: ? - help, Shift-Dir - straight line, f/p - orc wizard
Aim: an orc wizard, wielding a +0 dagger and wearing a +0 robe (almost dead, very poisoned, 76% to hit)
The searing ray hits the orc wizard!
You kill the orc wizard! (Press . to maintain the ray.)
* * * LOW HITPOINT WARNING * * *
The orc wizard gestures wildly while chanting.
The orc wizard flickers and vanishes!
Deactivating autopickup; reactivate with Ctrl-A.
Casting: Searing Ray (safe; 1% risk of failure)
Confirm with . or Enter, or press ? or * to list all spells.
You can't see any susceptible monsters within range! (Use Z to cast anyway.)
* * * LOW HITPOINT WARNING * * *
Something hits you.
* * * LOW HITPOINT WARNING * * *
Unknown command.
Casting: Searing Ray (safe; 1% risk of failure)
Confirm with . or Enter, or press ? or * to list all spells.
You can't see any susceptible monsters within range! (Use Z to cast anyway.) Unknown command.
Casting: Searing Ray (safe; 1% risk of failure)
Confirm with . or Enter, or press ? or * to list all spells.
You can't see any susceptible monsters within range! (Use Z to cast anyway.) Unknown command.
Unknown command.
Casting: Searing Ray (safe; 1% risk of failure)
Confirm with . or Enter, or press ? or * to list all spells.
Aiming: Poisonous Vapours (safe; 1% risk of failure)
Press: ? - help, Dir - move target Poisonous vapours surround something!
* * * LOW HITPOINT WARNING * * *
Something hits you.
* * * LOW HITPOINT WARNING * * *
You closely miss something.
You hear some strange, mumbled words.
A puff of flame appears from out of thin air!
The puff of flame hits you. You resist.
* * * LOW HITPOINT WARNING * * *
You miss something. Something hits you.
You die...

#÷#.......#
#.###....#
#.#....<..# #.#
#.##.# #)#.......#
#.###.##.####
#...).....#
#.##..##....#
##.....#.##
#.##.######.####
###.##...# #....#
#....#
##...####.######..##
######
...##...).......).#
##.........#####@##
##.##.##....## #{##
#.....###.#..###..#
#.#.### #.#....##>#
..#.# #.#.....#.#
.##.# #.###.#(..####
....# #.#
#.##.....## #####
#.# #..##.##..# ####
#.# ##..#.###.#


There were no monsters in sight!

Vanquished Creatures
  2 ogres (D:4)
  A centaur (D:5)
  2 kobold brigands (D:4)
  6 hounds
  A jelly (D:5)
  2 iguanas (D:4)
  2 orc wizards (D:4)
  A gnoll (D:4)
  9 adders
  4 dart slugs
  4 orcs
  4 ball pythons
  3 bats
  9 endoplasms
  3 giant cockroaches
  6 goblins
  4 hobgoblins
  5 kobolds
  3 quokkas
  3 frilled lizards (D:2)
  4 rats
  A bush (D:2)
79 creatures vanquished.

Vanquished Creatures (others)
  8 plants
8 creatures vanquished.

Grand Total: 87 creatures vanquished

Notes
Turn   | Place    | Note
-------+----------+-------------------------------------------
     0 | D:1      | jimonade the Djinni Conjurer began the quest for the Orb.
     0 | D:1      | jimonade set off with the following spells memorised: Magic
                  | Dart, Searing Ray, Dazzling Flash, Fulminant Prism,
                  | Iskenderun's Mystic Blast.
     0 | D:1      | Reached XP level 1. HP: 15/15 MP: 0/0
   165 | D:1      | Reached XP level 2. HP: 20/21 MP: 0/0
   302 | D:1      | Found a faded altar of an unknown god.
   619 | D:2      | Reached XP level 3. HP: 21/25 MP: 0/0
   619 | D:2      | Learned a level 1 spell: Shock
   694 | D:2      | Reached skill level 4 in Spellcasting
  1197 | D:2      | Reached XP level 4. HP: 28/31 MP: 0/0
  2456 | D:3      | Reached XP level 5. HP: 31/35 MP: 0/0
  2456 | D:3      | Learned a level 2 spell: Poisonous Vapours
  2840 | D:4      | Reached skill level 5 in Spellcasting
  3105 | D:4      | Found a sparkling altar of Nemelex Xobeh.
  3105 | D:4      | Noticed an ogre
  3122 | D:4      | Killed an ogre
  3123 | D:4      | Reached XP level 6. HP: 29/40 MP: 0/0
  3391 | D:4      | Found a large runed translucent door.
  3394 | D:4      | Noticed an ice beast
  3395 | D:4      | Found a large runed translucent door.
  3479 | D:4      | Found a large runed translucent door.
  3479 | D:4      | Found a large runed translucent door.
  3498 | D:4      | Reached skill level 6 in Spellcasting
  3519 | D:4      | Noticed an ogre
  3547 | D:4      | Killed an ogre
  3548 | D:4      | Reached XP level 7. HP: 43/45 MP: 0/0
  3548 | D:4      | Learned a level 2 spell: Wereblood
  4055 | D:4      | Reached skill level 7 in Spellcasting
  4123 | D:5      | Entered Level 5 of the Dungeon
  4141 | D:5      | Found a staircase to the Ecumenical Temple.
  4153 | Temple   | Entered the Ecumenical Temple
  4177 | Temple   | Became a worshipper of Ashenzari the Shackled
  4197 | D:5      | Reached XP level 8. HP: 43/50 MP: 0/0
  4326 | D:5      | Found Jaf Juth's Assorted Antiques.
  4335 | D:4      | HP: 2/50 [something (2)]
  4337 | D:4      | Slain by an orc wizard

Illustrated notes

Levels and vault maps discovered:
D:1:      mainiacjoe_arrival_reflecting_pool, layout_rooms,
          shapermc_ecumenical_altar_ellora, minmay_misc_feat_rows
D:2:      layout_loops_corners, serial_forest, infiniplex_forest_lined_2,
          infiniplex_forest_end_2, infiniplex_forest_lined_1,
          infiniplex_forest_clump_tiny, infiniplex_forest_zigzag_2,
          infiniplex_forest_straight_2, minmay_misc_feat_tower
D:3:      minmay_door_path, layout_rooms, dk_noncrumbling_4
D:4:      layout_rooms, mainiacjoe_overflow_alcove_4,
          minmay_hollow_rounded_squares
D:5:      layout_rooms, minmay_temple_entry_large_hall, serial_shops,
          nicolae_shop_statue_plus, nicolae_take_the_stairs, minmay_manual_mares
Temple:   minmay_freezing_vapour_temple

Skill      XL: |  1  2  3  4  5  6  7 |
---------------+----------------------+-----
Spellcasting   | 4 5 6 7 |  7.5
Dodging        | |  2.1
Stealth        | |  1.5

Action                   |  1- 3 |  4- 6 |  7- 9 || total
-------------------------+-------+-------+-------++-------
Melee: Short sword       |       |   364 |     2 ||   366
       Punch             |       |     5 |       ||     5
 Cast: Magic Dart        |    39 |    32 |       ||    71
       Searing Ray       |     5 |    16 |    13 ||    34
       Poisonous Vapours |       |    19 |    22 ||    41
Armor: Robe              |     3 |     6 |     7 ||    16
Dodge: Dodged            |     4 |    10 |    17 ||    31

Table legend: (Time is in decaauts)
 A = Elapsed time spent in this place.
 B = Non-inter-level travel time spent in this place.
 C = Inter-level travel time spent in this place.
 D = Time resting spent in this place.
 E = Time spent auto-exploring this place.
 F = Levels seen in this place.
 G = Mean time per level.
                   A        B        C        D        E       F      G
               +--------+--------+--------+--------+--------+-----+--------+
         Total |   4336 |   4072 |    264 |     59 |   3072 |   6 |  722.7 |
       Dungeon |   4307 |   4051 |    256 |     59 |   3059 |   5 |  861.4 |
        Temple |     29 |     21 |      8 |      0 |     13 |   1 |   29.0 |
               +--------+--------+--------+--------+--------+-----+--------+

Top non-repeatable levels by time:
     D:2: 1506 daAuts
     D:4: 1283 daAuts
     D:3: 738 daAuts
     D:1: 601 daAuts
     D:5: 177 daAuts
  Temple: 29 daAuts
